 Dungeon Crawl Stone Soup version 0.28.0-1-gb440e238dd (webtiles) character file.

Game seed: 10371347771167087325

966 themarg the Quickloader (level 8, -1/58 HPs)
             Began as a Gnoll Wanderer on Feb 19, 2022.
             Was a Believer of Wu Jian.
             Slain by a water moccasin (4 damage)
             ... on level 5 of the Dungeon.
             The game lasted 00:19:26 (4759 turns).

themarg the Quickloader (Gnoll Wanderer)            Turns: 4759, Time: 00:19:26

Health: -1/58      AC: 12    Str: 10    XL:     8   Next: 15%
Magic:  12/12      EV: 11    Int: 11    God:    Wu Jian [**....]
Gold:   162        SH:  6    Dex: 16    Spells: 13/13 levels left

rFire   . . .      SeeInvis .   b - +2 dagger (protect)
rCold   . . .      Faith    .   d - +0 buckler
rNeg    . . .      Spirit   .   o - +0 ring mail
rPois   .          Reflect  .   (no helmet)
rElec   .          Harm     .   (no cloak)
rCorr   .          Rampage  .   (no gloves)
Will    .....                   (no boots)
Stlth   ++........              e - amulet of the acrobat
HPRegen 0.19/turn               (no ring)
MPRegen 0.13/turn               (no ring)

@: under a protective aura
A: fangs 1, strong nose, distributed training
a: Renounce Religion, Wall Jump


You were on level 5 of the Dungeon.
You worshipped Wu Jian.
Wu Jian was pleased with you.
You visited 1 branch of the dungeon, and saw 5 of its levels.

You collected 162 gold pieces.

Inventory:

Hand Weapons
 a - a +2 hand crossbow
 b - a +2 dagger of protection (weapon)
Missiles
 c - 6 javelins (quivered)
 g - 139 stones
 x - 76 bolts
Armour
 d - a +0 buckler (worn)
 o - a +0 ring mail (worn)
 y - a +0 leather armour of fire resistance
Jewellery
 e - an amulet of the acrobat (around neck)
 i - a ring of ice
Wands
 r - a wand of digging (5)
 t - a wand of iceblast (8)
Scrolls
 f - a scroll of immolation {unknown}
 j - a scroll of amnesia {unknown}
 m - a scroll of summoning {unknown}
 n - a scroll of blinking {unknown}
 s - a scroll of teleportation {unknown}
 v - a scroll of identify {unknown}
 w - a scroll of noise {unknown}
Potions
 h - a potion of lignification {unknown}
 l - a potion of attraction {unknown}
 p - a potion of mutation {unknown}
 q - a potion of haste
 u - a potion of degeneration {unknown}


   Skills:
 + Level 3.0 Fighting
 + Level 5.5 Short Blades
 + Level 3.0 Long Blades
 + Level 3.0 Axes
 + Level 3.0 Maces & Flails
 + Level 3.0 Polearms
 + Level 3.0 Staves
 + Level 3.0 Slings
 + Level 3.0 Bows
 + Level 9.1 Crossbows
 + Level 4.0 Throwing
 + Level 3.0 Armour
 + Level 3.0 Dodging
 + Level 3.0 Stealth
 + Level 7.2 Shields
 + Level 3.0 Unarmed Combat
 + Level 3.0 Spellcasting
 + Level 2.4 Conjurations
 + Level 2.4 Hexes
 + Level 2.4 Summonings
 + Level 2.4 Necromancy
 + Level 2.4 Translocations
 + Level 2.4 Transmutations
 + Level 2.4 Fire Magic
 + Level 2.4 Ice Magic
 + Level 2.4 Air Magic
 + Level 2.4 Earth Magic
 + Level 2.4 Poison Magic
 + Level 3.3 Invocations
 + Level 3.0 Evocations


You had 13 spell levels left.
You didn't know any spells.
Your spell library contained the following spells:

 Spells                   Type           Power      Damage    Failure   Level
 Foxfire                  Conj/Fire      28%        2x1d5     30%         1
 Conjure Flame            Conj/Fire      7%         6-21      65%         3
 Gell's Gravitas          Tloc           7%         N/A       65%         3
 Inner Flame              Hex/Fire       7%         N/A       65%         3
 Lesser Beckoning         Tloc           7%         N/A       65%         3
 Teleport Other           Tloc           7%         N/A       65%         3
 Flame Wave               Conj/Fire      7%         2d5       96%         4


Dungeon Overview and Level Annotations

Branches:
Dungeon (5/15)             Temple (0/1) D:4

Altars:
Cheibriados
Elyvilon
Fedhas
Gozag
Makhleb
Ru
Wu Jian
Zin

Annotations:
D:1 1 runed translucent door
D:4 Edmund


Innate Abilities, Weirdness & Mutations

You have very sharp teeth.
Your uncanny sense of smell can sniff out nearby items.
Your experience applies equally to all skills.


Message History

The water moccasin poisons you!
You miss the water moccasin.
The water moccasin is severely wounded.
You feel very sick. The water moccasin bites you.
You feel very sick.
You feel sick.
The water moccasin completely misses you.
You feel sick.
You closely miss the water moccasin.
The water moccasin is severely wounded.
You feel sick. The water moccasin closely misses you.
You completely miss the water moccasin.
The water moccasin is severely wounded.
You feel sick. The water moccasin barely misses you.
You barely miss the water moccasin.
The water moccasin is severely wounded.
The water moccasin completely misses you.
You closely miss the water moccasin. Your bite misses the water moccasin.
The water moccasin is severely wounded.
You feel sick. The water moccasin bites you.
* * * LOW HITPOINT WARNING * * *
You hit the water moccasin.
Your weapon exudes an aura of protection.
The water moccasin is severely wounded.
You feel sick. You block the water moccasin's attack.
There is nothing to wall jump against here.
You feel sick.
You hit the water moccasin.
The water moccasin is almost dead.
You block the water moccasin's attack.
You closely miss the water moccasin. You bite the water moccasin.
The water moccasin is almost dead.
You feel sick.
You are no longer poisoned.
The water moccasin barely misses you.
You barely miss the water moccasin.
The water moccasin is almost dead.
The water moccasin bites you.
You die...

#.##.##.# #.......# ####.####
##.## ..#####...#############
.......[..............#
..#####...##.##..#.....
####.###.##..#.##†#
#.@............##.# ...$..
#S#...##.#.#.#.##.# ......
#l#...##.#.#.#.##.# #.>.#
#.#...##..........# #...#
#.##.#####.########
#####...#####.##.....#.#.....#
..............######.#.#.....#
..............# #.#.......#
......:......## #.###.....#


You could see a water moccasin and an iguana.

Vanquished Creatures
  A water moccasin (D:4)
  2 ogres (D:4)
  A necrophage (D:5)
  2 scorpions
  A bullfrog skeleton (D:5)
  A hound (D:3)
  3 jellies
  An orc priest (D:4)
  An iron imp (D:4)
  Natasha (twice) (D:4)
  2 orc wizards (D:4)
  A howler monkey skeleton (D:4)
  3 gnolls (D:2)
  4 adders
  4 worms
  4 dart slugs
  10 orcs
  4 bats
  6 endoplasms
  6 goblins
  7 hobgoblins
  6 kobolds
  A quokka (D:4)
  6 ball pythons
  3 frilled lizards
  8 rats
90 creatures vanquished.

Notes
Turn   | Place    | Note
-------+----------+-------------------------------------------
     0 | D:1      | themarg the Gnoll Wanderer began the quest for the Orb.
     0 | D:1      | themarg set off with the following items: a +2 hand
                  | crossbow, 26 bolts, a +0 short sword, a +0 buckler, a +0
                  | robe
     0 | D:1      | Reached XP level 1. HP: 13/13 MP: 1/1
     1 | D:1      | Found a runed translucent door.
   142 | D:1      | Reached XP level 2. HP: 19/19 MP: 2/2
   714 | D:2      | Reached XP level 3. HP: 25/25 MP: 3/3
   791 | D:2      | Reached skill level 1 in Invocations
  1259 | D:2      | Reached skill level 1 in Fighting
  1259 | D:2      | Reached skill level 1 in Long Blades
  1259 | D:2      | Reached skill level 1 in Axes
  1259 | D:2      | Reached skill level 1 in Maces & Flails
  1259 | D:2      | Reached skill level 1 in Polearms
  1259 | D:2      | Reached skill level 1 in Staves
  1259 | D:2      | Reached skill level 1 in Slings
  1259 | D:2      | Reached skill level 1 in Bows
  1259 | D:2      | Reached skill level 1 in Armour
  1259 | D:2      | Reached skill level 1 in Dodging
  1259 | D:2      | Reached skill level 1 in Stealth
  1259 | D:2      | Reached skill level 1 in Unarmed Combat
  1259 | D:2      | Reached skill level 1 in Spellcasting
  1259 | D:2      | Reached skill level 1 in Evocations
  1282 | D:2      | Found a white marble altar of Elyvilon.
  1327 | D:2      | Found a faded altar of an unknown god.
  1408 | D:2      | Reached XP level 4. HP: 32/32 MP: 5/5
  1698 | D:2      | Reached skill level 1 in Conjurations
  1698 | D:2      | Reached skill level 1 in Hexes
  1698 | D:2      | Reached skill level 1 in Summonings
  1698 | D:2      | Reached skill level 1 in Necromancy
  1698 | D:2      | Reached skill level 1 in Translocations
  1698 | D:2      | Reached skill level 1 in Transmutations
  1698 | D:2      | Reached skill level 1 in Fire Magic
  1698 | D:2      | Reached skill level 1 in Ice Magic
  1698 | D:2      | Reached skill level 1 in Air Magic
  1698 | D:2      | Reached skill level 1 in Earth Magic
  1698 | D:2      | Reached skill level 1 in Poison Magic
  1877 | D:2      | Prayed at the altar of an unknown god.
  1877 | D:2      | Became a worshipper of the Wu Jian Council
  1877 | D:2      | Reached * piety under Wu Jian
  1969 | D:3      | Reached XP level 5. HP: 37/37 MP: 5/7
  2451 | D:3      | Found a burning altar of Makhleb.
  2630 | D:3      | Found an opulent altar of Gozag.
  2694 | D:4      | Noticed a water moccasin
  2698 | D:4      | Killed a water moccasin
  2699 | D:4      | Reached XP level 6. HP: 44/44 MP: 8/8
  2723 | D:4      | Found a staircase to the Ecumenical Temple.
  2755 | D:4      | Reached skill level 5 in Short Blades
  2883 | D:4      | Reached ** piety under Wu Jian
  2988 | D:4      | Found a blossoming altar of Fedhas.
  2998 | D:4      | Reached XP level 7. HP: 27/50 MP: 10/10
  3337 | D:4      | Noticed Edmund
  3586 | D:4      | Found a sacrificial altar of Ru.
  3706 | D:4      | Noticed Natasha
  3714 | D:4      | Killed Natasha
  3828 | D:4      | Found a glowing silver altar of Zin.
  3837 | D:4      | Found a snail-covered altar of Cheibriados.
  4061 | D:5      | Entered Level 5 of the Dungeon
  4066 | D:5      | Reached skill level 9 in Crossbows
  4384 | D:4      | Noticed Natasha
  4397 | D:4      | Killed Natasha
  4398 | D:4      | Reached XP level 8. HP: 36/57 MP: 12/12
  4759 | D:5      | Slain by a water moccasin

Illustrated notes

Levels and vault maps discovered:
D:1:      dpeg_arrival_caged_fury, layout_basic
D:2:      layout_basic, shapermc_ecumenical_altar_totnotflames, basic_altar
D:3:      layout_loops_ring, nicolae_overflow_hidden_temple,
          general_overflow_altar, minmay_circle_x
D:4:      layout_basic, mainiacjoe_overflow_alcove_2, zin_statuary,
          slow_altar_1, mainiacjoe_overflow_six_doors_small,
          minmay_temple_entry_waves, uniq_edmund, uniq_natasha
D:5:      layout_loops_cross

Skill      XL: |  1  2  3  4  5  6  7  8 |
---------------+-------------------------+-----
Invocations    | 1 2 3 |  3.3
Fighting       | 1 2 3 |  3.0
Long Blades    | 1 2 3 |  3.0
Axes           | 1 2 3 |  3.0
Maces & Flails | 1 2 3 |  3.0
Polearms       | 1 2 3 |  3.0
Staves         | 1 2 3 |  3.0
Slings         | 1 2 3 |  3.0
Bows           | 1 2 3 |  3.0
Armour         | 1 2 3 |  3.0
Dodging        | 1 2 3 |  3.0
Stealth        | 1 2 3 |  3.0
Unarmed Combat | 1 2 3 |  3.0
Spellcasting   | 1 2 3 |  3.0
Evocations     | 1 2 3 |  3.0
Conjurations   | 1 2 |  2.4
Hexes          | 1 2 |  2.4
Summonings     | 1 2 |  2.4
Necromancy     | 1 2 |  2.4
Translocations | 1 2 |  2.4
Transmutations | 1 2 |  2.4
Fire Magic     | 1 2 |  2.4
Ice Magic      | 1 2 |  2.4
Air Magic      | 1 2 |  2.4
Earth Magic    | 1 2 |  2.4
Poison Magic   | 1 2 |  2.4
Throwing       | 3 4 |  4.0
Short Blades   | 5 |  5.5
Shields        | 7 |  7.2
Crossbows      | 9 |  9.1

Action                   |  1- 3 |  4- 6 |  7- 9 || total
-------------------------+-------+-------+-------++-------
Melee: Flail             |       |     9 |       ||     9
       Bite              |       |     2 |    11 ||    13
       Dagger            |       |       |    66 ||    66
 Fire: Hand crossbow     |    55 |    88 |    58 ||   201
Invok: Whirlwind         |       |       |     1 ||     1
Armor: Ring mail         |       |    10 |    17 ||    27
       Robe              |       |     1 |       ||     1
Dodge: Dodged            |     3 |    12 |    37 ||    52
Block: Buckler           |       |    17 |    24 ||    41
